 Dungeon Crawl Stone Soup version 0.29-a0-299-g4c793a2ed2 (webtiles) character file.

Game seed: 4030225524248312048

6973 Dabor the Destroyer (level 10, -14/50 HPs)
             Began as a Deep Elf Conjurer on Mar 24, 2022.
             Was a Follower of Vehumet.
             Shot with a bolt by a centaur warrior (21 damage)
             ... on level 9 of the Dungeon.
             The game lasted 00:30:36 (15502 turns).

Dabor the Destroyer (Deep Elf Conjurer)            Turns: 15502, Time: 00:30:37

Health: -14/50     AC:  8    Str: 10    XL:     10   Next: 81%
Magic:  20/26      EV: 17    Int: 28    God:    Vehumet [*.....]
Gold:   575        SH:  0    Dex: 15    Spells: 22/29 levels left

rFire   + . .      SeeInvis +   z - +2 spear "Wauf" {vorpal, rF+ Dex+2}
rCold   + + .      Faith    .   (no shield)
rNeg    . . .      Spirit   .   C - +2 robe {rC+}
rPois   .          Reflect  .   w - +2 helmet
rElec   .          Harm     .   u - +0 cloak
rCorr   .          Rampage  .   (no gloves)
Will    +....      Clarity  +   (no boots)
Stlth   +++.......              (no amulet)
HPRegen 0.16/turn               c - ring of protection from cold
MPRegen 0.20/turn               r - +6 ring of strength

@: no status effects
A: talons 1, see invisible, clarity, MP-powered wands
a: Renounce Religion


You were on level 9 of the Dungeon.
You worshipped Vehumet.
Vehumet was aware of your devotion.
You visited 2 branches of the dungeon, and saw 10 of its levels.
You also visited: Ossuary.

You collected 640 gold pieces.
You spent 65 gold pieces at shops.

Inventory:

Hand Weapons
 z - the +2 spear "Wauf" (weapon) {vorpal, rF+ Dex+2}
   (You found it on level 8 of the Dungeon)

   It inflicts extra damage upon your enemies.
   Dex:       It affects your dexterity (+2).
   rF:        It protects you from fire.
Missiles
 y - 2 throwing nets
Armour
 u - a +0 cloak (worn)
 w - a +2 helmet (worn)
 C - a +2 robe of cold resistance (worn)
Magical Staves
 f - a staff of poison
 g - a staff of air
Jewellery
 a - a +6 ring of strength
 c - a ring of protection from cold (left hand)
 d - a ring of positive energy
 r - a +6 ring of strength (right hand)
 A - a +6 ring of intelligence
Wands
 k - a wand of digging (5)
 o - a wand of polymorph (13)
 x - a wand of flame (22)
Scrolls
 j - a scroll of brand weapon {unknown}
 n - 2 scrolls of teleportation
 s - a scroll of summoning
 B - 2 scrolls of enchant weapon
 F - a scroll of magic mapping
Potions
 b - 4 potions of magic
 i - 2 potions of curing
 l - a potion of mutation
 p - a potion of berserk rage
 q - 3 potions of might
 t - a potion of haste
 D - a potion of flight
 E - 2 potions of brilliance {unknown}
Miscellaneous
 e - a box of beasts


   Skills:
 + Level 9.4 Dodging
 + Level 4.5 Stealth
 + Level 10.3 Spellcasting
 + Level 12.2 Conjurations
 + Level 6.0 Hexes
 - Level 4.0 Fire Magic
 - Level 3.0 Evocations


You had 22 spell levels left.
You knew the following spells:

 Your Spells              Type           Power      Damage    Failure   Level
a - Magic Dart            Conj           100%       1d8       1%          1
b - Searing Ray           Conj           100%       2d8       1%          2
c - Fulminant Prism       Conj/Hex       30%        3d16      1%          4

Your spell library contained the following spells:

 Spells                   Type           Power      Damage    Failure   Level
 Sandblast                Erth           28%        2d8       3%          1
 Dazzling Flash           Conj/Hex       100%       N/A       1%          3
 Portal Projectile        Hex/Tloc       62%        N/A       3%          3
 Iskenderun's Mystic Bla  Conj/Tloc      48%        2d11      3%          4
 Leda's Liquefaction      Hex/Erth       15%        N/A       11%         4
 Call Canine Familiar     Summ           14%        N/A       12%         3
 Starburst                Conj/Fire      28%        6d9       22%         6
 Borgnjor's Revivificati  Necr           7%         N/A       100%        8
 Necromutation            Tmut/Necr      7%         N/A       100%        8
 Death's Door             Necr           7%         N/A       100%        9


Dungeon Overview and Level Annotations

Branches:
Dungeon (9/15)             Temple (1/1) D:7            Lair (0/6) D:9
    Orc (0/2) D:9         Ossuary (visited)

Altars:
Ashenzari
Cheibriados
Elyvilon
Gozag
Hepliaklqana
Kikubaaqudgha
Makhleb
Nemelex Xobeh
Okawaru
Qazlal
Ru
Sif Muna
Trog
Vehumet
Wu Jian
Xom
Yredelemnul
Zin
The Shining One

Shops:
D:2 *


Innate Abilities, Weirdness & Mutations

You have sharp toenails.
You have supernaturally acute eyesight. (SInv)
You possess an exceptional clarity of mind.
You expend magic power (3 MP) to strengthen your wands.


Message History

There is a broken door here.
Things that are here:
a +0 leather armour; a +0 club
Things that are here:
+0 steam dragon scales; a +0 hand axe The centaur warrior shouts!
The centaur warrior shoots a bolt.
The bolt hits you!! The bolt freezes you.
A centaur warrior is nearby!
Things that are here:
+0 steam dragon scales; a +0 hand axe
Things that are here:
a +0 leather armour; a +0 club
Casting: Searing Ray (safe; 1% risk of failure)
Confirm with . or Enter, or press ? or * to list all spells.
Aiming: Fulminant Prism (dangerous; 1% risk of failure)
Press: ? - help, Dir - move target You conjure a prism of explosive energy!
A fulminant prism comes into view.
Your fulminant prism crackles loudly.
Casting: Fulminant Prism (dangerous; 1% risk of failure)
Confirm with . or Enter, or press ? or * to list all spells.
Aiming: Searing Ray (safe; 1% risk of failure)
Press: ? - help, Shift-Dir - straight line, f - centaur warrior
Aim: a centaur warrior, wielding a +4 arbalest of freezing (ally target, 87% to hit)
The searing ray hits the centaur warrior.
The centaur warrior is lightly wounded. (Press . to maintain the ray.)
The centaur warrior shoots a bolt.
The bolt hits you!!
* * * LOW HITPOINT WARNING * * *
The bolt freezes you.
* * * LOW HITPOINT WARNING * * *
Your fulminant prism explodes!
The blast of energy engulfs the centaur warrior!
The centaur warrior is moderately wounded.
You hear a shout!
Okay, then.
As you read the scroll of fog, it crumbles to dust.
The scroll dissolves into smoke.
The centaur warrior shoots a bolt.
The bolt hits you!!
You die...

#......# ####..#.#.#.# ########
#..#.#.#.# #..#.#.#.###
#c.#.#.#...### #..#.#.#.#....
#..#....≈≈≈≈≈# #############
#..###.≈≈≈≈≈≈≈ #..........§###
#....≈≈≈≈###≈≈
#.......[..§§@###[#.≈≈≈###≈###
#..........§#§§c..#.≈≈≈#≈≈≈ #
####...#####...#####.##≈≈≈≈≈≈
....)..#...#..)# #.##≈≈≈#≈≈≈ #
....)..#...#..)# #.##≈≈≈###≈###
.......#...#...# #....≈≈≈≈###≈≈
######'#...#..[#####.##...≈≈≈≈≈≈≈
....)....8.#.[.....#.######≈≈≈≈≈#
....8......#.......#.# #######


You could see a centaur warrior.

Vanquished Creatures
  An ugly thing (D:9)
  A slime creature (D:9)
  Grinder (D:4)
  A wyvern (D:9)
  5 yaks
  Eustachio (D:5)
  Grum (D:8)
  3 steam dragons (D:9)
  2 swamp worms (D:9)
  3 water moccasins
  3 orc warriors
  2 sky beasts (D:6)
  3 black bears
  3 centaurs
  4 wolves (D:8)
  2 kobold brigands
  2 phantoms (D:4)
  5 bullfrogs
  2 necrophages
  A gnoll sergeant (D:8)
  A scorpion (D:7)
  6 wights
  11 killer bees
  A lava snake (D:7)
  4 hounds
  5 orc priests
  A jelly (D:5)
  Jessica (D:3)
  2 iguanas
  Ijyb (D:4)
  Natasha (thrice) (D:3)
  6 orc wizards
  13 mummies (Ossuary)
  16 gnolls
  7 adders
  A shadow imp (D:5)
  A white imp (D:6)
  3 ufetubi
  2 dart slugs
  13 orcs
  7 endoplasms
  3 giant cockroaches
  7 goblins
  6 hobgoblins
  7 jackals
  18 kobolds
  A quokka (D:1)
  8 ball pythons
  5 bats
  5 frilled lizards
  A gnoll skeleton (Ossuary)
  2 goblin skeletons (Ossuary)
  A kobold skeleton (Ossuary)
  4 orc skeletons (Ossuary)
  2 rats
  11 rat skeletons (Ossuary)
  A plant (D:9)
233 creatures vanquished.

Vanquished Creatures (others)
  An orc wizard (D:8)
  55 fulminant prisms
  12 fungi (D:9)
  16 plants (D:9)
84 creatures vanquished.

Grand Total: 317 creatures vanquished

Notes
Turn   | Place    | Note
-------+----------+-------------------------------------------
     0 | D:1      | Dabor the Deep Elf Conjurer began the quest for the Orb.
     0 | D:1      | Reached XP level 1. HP: 10/10 MP: 6/6
   490 | D:1      | Reached XP level 2. HP: 15/15 MP: 5/8
   493 | D:1      | Learned a level 2 spell: Searing Ray
   916 | D:1      | Found a faded altar of an unknown god.
  1013 | D:1      | Reached XP level 3. HP: 19/19 MP: 7/9
  1569 | D:2      | Reached skill level 5 in Conjurations
  1706 | D:2      | Found Heckaa's General Store.
  1737 | D:2      | Bought a potion of curing for 39 gold pieces
  1737 | D:2      | Bought a scroll of identify for 26 gold pieces
  2120 | D:2      | Reached XP level 4. HP: 24/24 MP: 8/11
  2815 | D:3      | Noticed Jessica
  2818 | D:3      | Killed Jessica
  3242 | D:3      | Found a shimmering altar of Xom.
  3281 | D:3      | Noticed Natasha
  3287 | D:3      | Killed Natasha
  3288 | D:3      | Reached XP level 5. HP: 16/28 MP: 6/13
  3585 | D:3      | Noticed Natasha
  3589 | D:3      | Killed Natasha
  3590 | D:3      | Reached skill level 6 in Conjurations
  3598 | D:3      | Noticed Natasha
  3601 | D:3      | Killed Natasha
  4125 | D:4      | Noticed Ijyb
  4132 | D:4      | Killed Ijyb
  4244 | D:4      | Noticed Grinder
  4282 | D:4      | Killed Grinder
  4283 | D:4      | Reached skill level 5 in Spellcasting
  4283 | D:4      | Reached XP level 6. HP: 27/32 MP: 5/15
  4407 | D:4      | Reached skill level 7 in Conjurations
  4749 | D:4      | Reached skill level 5 in Dodging
  4749 | D:4      | Reached XP level 7. HP: 36/36 MP: 11/17
  5254 | D:5      | Entered Level 5 of the Dungeon
  5411 | D:5      | Noticed Eustachio
  5437 | D:5      | Killed Eustachio
  5438 | D:5      | Reached skill level 8 in Conjurations
  6438 | D:6      | Reached XP level 8. HP: 41/41 MP: 15/19
  6463 | D:6      | Found a sand-covered staircase.
  6467 | Ossuary  | Entered an ossuary
  7764 | D:6      | Gained mutation: You have sharp toenails. [potion of
                  | mutation]
  7764 | D:6      | Gained mutation: You expend magic power (3 MP) to
                  | strengthen your wands. [potion of mutation]
  7764 | D:6      | Gained mutation: You possess an exceptional clarity of
                  | mind. [potion of mutation]
  7764 | D:6      | Gained mutation: You have supernaturally acute eyesight.
                  | (SInv) [potion of mutation]
  7770 | D:6      | Learned a level 4 spell: Fulminant Prism
  7878 | D:6      | Reached skill level 1 in Hexes
  7993 | D:6      | Reached skill level 9 in Conjurations
  7993 | D:6      | Reached skill level 1 in Fire Magic
  7993 | D:6      | Reached skill level 1 in Evocations
  9038 | D:7      | Reached XP level 9. HP: 43/44 MP: 15/22
  9445 | D:7      | Found a staircase to the Ecumenical Temple.
  9461 | Temple   | Entered the Ecumenical Temple
  9722 | Temple   | Became a worshipper of Vehumet
 10346 | D:7      | Reached skill level 5 in Hexes
 10577 | D:8      | Reached skill level 10 in Conjurations
 11178 | D:8      | Identified the +2 spear "Wauf" {vorpal, rF+ Dex+2}
 11198 | D:8      | Noticed Grum
 11222 | D:8      | Reached * piety under Vehumet
 11222 | D:8      | Offered knowledge of Freeze by Vehumet.
 11228 | D:8      | Killed Grum
 11490 | D:8      | Reached XP level 10. HP: 41/50 MP: 2/25
 11661 | D:8      | Reached skill level 11 in Conjurations
 12019 | D:8      | Found an ornate altar of the Wu Jian Council.
 13612 | D:9      | Noticed a centaur warrior
 13625 | D:9      | Offered knowledge of Sandblast by Vehumet.
 13764 | D:9      | Noticed a brown ugly thing
 13778 | D:9      | Killed a brown ugly thing
 13895 | D:9      | Reached skill level 10 in Spellcasting
 13902 | D:9      | Reached ** piety under Vehumet
 13903 | D:9      | Reached skill level 12 in Conjurations
 14740 | D:9      | Found a staircase to the Lair.
 14756 | D:9      | Found a staircase to the Orcish Mines.
 15502 | D:9      | Shot with a bolt by a centaur warrior

Illustrated notes

Levels and vault maps discovered:
D:1:      dpeg_arrival_stone_temple_mockup, layout_loops_corners,
          chequers_ecumenical_altar_island, dk_noncrumbling_2
D:2:      layout_basic, serial_forest, infiniplex_forest_diagonal,
          infiniplex_forest_lined_room_2, infiniplex_forest_clump_tiny,
          infiniplex_forest_straight_1, infiniplex_forest_clump_C,
          infiniplex_forest_corner_2, serial_shops, shop
D:3:      layout_basic, kennysheep_flooded_box, kennysheep_generic_room_10,
          uniq_natasha, uniq_jessica
D:4:      layout_basic, roderic_malta_cross, uniq_ijyb, uniq_grinder
D:5:      layout_basic, minmay_statues_item, uniq_eustachio
D:6:      layout_loops_cross, nicolae_ossuary_entry_false_entrances,
          minivault_22, feat_on_display
D:7:      layout_basic, temple_fountains, kennysheep_generic_room_5
D:8:      layout_basic, nicolae_wu_jian_glorious_leap, uniq_grum
D:9:      kennysheep_blocky_room, layout_basic, grunt_lair_entry_orc_guard_hut,
          orc_0_dummy, worms_lemuel
Temple:   dpeg_five_rooms_temple

Skill      XL: |  1  2  3  4  5  6  7  8  9 10 |
---------------+-------------------------------+-----
Stealth        | 3 4 |  4.5
Dodging        | 3 4 5 6 8 9 |  9.4
Conjurations   | 5 6 7 8 9 10 12 | 12.2
Spellcasting   | 4 5 6 7 9 10 | 10.3
Hexes          | 3 5 6 |  6.0
Fire Magic     | 2 4 |  4.0
Evocations     | 2 3 |  3.0

Action                   |  1- 3 |  4- 6 |  7- 9 | 10-12 || total
-------------------------+-------+-------+-------+-------++-------
Melee: Staff             |       |       |     1 |       ||     1
 Cast: Magic Dart        |    71 |    62 |   245 |    56 ||   434
       Searing Ray       |       |    11 |    49 |    26 ||    86
       Fulminant Prism   |       |       |    12 |    43 ||    55
Evoke: Wand              |       |       |     1 |       ||     1
  Use: Scroll            |     1 |       |    19 |     4 ||    24
       Potion            |       |       |     3 |     6 ||     9
Armor: Robe              |     1 |     1 |    24 |     9 ||    35
Dodge: Dodged            |     6 |    13 |    98 |    55 ||   172

Table legend: (Time is in decaauts)
 A = Elapsed time spent in this place.
 B = Non-inter-level travel time spent in this place.
 C = Inter-level travel time spent in this place.
 D = Time resting spent in this place.
 E = Time spent auto-exploring this place.
 F = Levels seen in this place.
 G = Mean time per level.
                   A        B        C        D        E       F      G
               +--------+--------+--------+--------+--------+-----+--------+
         Total |  15523 |  14903 |    620 |   3278 |   9587 |  11 | 1411.2 |
       Dungeon |  13936 |  13371 |    565 |   2863 |   8716 |   9 | 1548.4 |
        Temple |    290 |    235 |     55 |      0 |    223 |   1 |  290.0 |
       Ossuary |   1295 |   1295 |      0 |    415 |    648 |   1 | 1295.0 |
               +--------+--------+--------+--------+--------+-----+--------+

Top non-repeatable levels by time:
     D:8: 2761 daAuts
     D:9: 1908 daAuts
     D:7: 1759 daAuts
     D:2: 1487 daAuts
     D:3: 1302 daAuts
     D:1: 1298 daAuts
 Ossuary: 1295 daAuts
     D:4: 1165 daAuts
     D:5: 1132 daAuts
     D:6: 1120 daAuts
  Temple: 290 daAuts
